 Dungeon Crawl Stone Soup version 0.28-a0-793-g31680bbd8b (webtiles) character file.

Game seed: 1229727253449970421

6154 Essalna the Destroyer (level 10, -7/60 HPs)
             Began as a Gargoyle Fire Elementalist on Nov 4, 2021.
             Was a Believer of Vehumet.
             Mangled by a death yak simulacrum (27 damage)
             ... on level 1 of the Lair of Beasts.
             The game lasted 00:27:27 (11329 turns).

Essalna the Destroyer (Gargoyle Fire Elementalist) Turns: 11329, Time: 00:27:27

Health: -7/60      AC: 20    Str: 18    XL:     10   Next: 90%
Magic:  15/29      EV: 13    Int: 19    God:    Vehumet [**....]
Gold:   425        SH:  5    Dex: 10    Spells: 6/23 levels left

rFire   . . .      SeeInvis .   F - +5 shortbow "Symezuo" {speed, Drain rPois rN+++ MP+9}
rCold   . . .      Faith    .   (shield currently unavailable)
rNeg    + + +      Spirit   .   a - +0 robe
rPois   ∞          Reflect  +   (no helmet)
rElec   +          Harm     .   (no cloak)
rCorr   .          Rampage  .   E - +0 pair of gloves
Will    .....                   s - +0 pair of boots
Stlth   ++........              p - amulet of reflection
HPRegen 0.20/turn               c - +6 ring of strength
MPRegen 0.21/turn               x - ring of the Tortoise {AC+8}

@: frozen, very slow
A: sickness immunity, AC +7, negative energy resistance 1, electricity
resistance, torment resistance 1, petrification resistance
a: Renounce Religion


You were on level 1 of the Lair of Beasts.
You worshipped Vehumet.
Vehumet was pleased with you.
You visited 3 branches of the dungeon, and saw 10 of its levels.

You collected 425 gold pieces.

Inventory:

Hand Weapons
 f - a +0 short sword
 j - a +1 dagger of speed
 y - a +2 whip of freezing
 F - the +5 shortbow "Symezuo" (weapon) {speed, Drain rPois rN+++ MP+9}
   (You found it on level 7 of the Dungeon)

   Attacks with this weapon are significantly faster.
   rPois:     It protects you from poison.
   rN:        It renders you almost immune to negative energy.
   MP:        It affects your magic capacity (+9).
   Drain:     It drains your maximum health when unequipped.
Missiles
 l - 2 throwing nets
Armour
 a - a +0 robe (worn)
 s - a +0 pair of boots (worn)
 E - a +0 pair of gloves (worn)
Jewellery
 c - a +6 ring of strength (left hand)
 p - an amulet of reflection (around neck)
 x - the ring of the Tortoise (right hand) {AC+8}
   (You found it on level 4 of the Dungeon)

   [ring of protection]

   AC:        It affects your AC (+8).
 G - an amulet of faith
 I - an amulet of the acrobat
Wands
 h - a wand of iceblast (4)
 k - a wand of flame (24)
 o - a wand of polymorph (8)
 t - a wand of mindburst (13)
 v - a wand of paralysis (13)
Scrolls
 e - a scroll of blinking
 m - 2 scrolls of magic mapping
 n - 2 scrolls of enchant weapon {unknown}
 r - 2 scrolls of teleportation {unknown}
 w - a scroll of brand weapon {unknown}
 z - a scroll of fog {unknown}
 B - 3 scrolls of amnesia
 C - 2 scrolls of identify
 D - 2 scrolls of enchant armour {unknown}
Potions
 b - 3 potions of flight
 d - 5 potions of curing
 g - 3 potions of lignification {unknown}
 i - 3 potions of attraction
 q - a potion of might {unknown}
 u - 2 potions of resistance {unknown}
 A - a potion of heal wounds
 H - a potion of invisibility {unknown}


   Skills:
 + Level 5.8 Fighting
 - Level 5.0 Armour
 + Level 4.8 Dodging
 - Level 2.1 Stealth
 + Level 7.2 Spellcasting
 + Level 8.3 Conjurations
 + Level 8.1 Fire Magic
 + Level 2.0 Ice Magic


You had 6 spell levels left.
You knew the following spells:

 Your Spells              Type           Power      Damage    Failure   Level
a - Foxfire               Conj/Fire      100%       2x1d9     1%          1
b - Scorch                Fire           74%        2d8       1%          2
c - Flame Wave            Conj/Fire      38%        3d8       3%          4
d - Conjure Flame         Conj/Fire      38%        6-21      1%          3
e - Ozocubu's Refrigerat  Ice            7%         4d6       100%        7

Your spell library contained the following spells:

 Spells                   Type           Power      Damage    Failure   Level
 Poisonous Vapours        Pois/Air       12%        N/A       16%         2
 Static Discharge         Conj/Air       22%        N/A       2%          2
 Sticky Flame             Conj/Fire      38%        2d6       3%          4
 Inner Flame              Hex/Fire       22%        N/A       5%          3
 Wereblood                Tmut           6%         N/A       16%         2
 Gell's Gravitas          Tloc           6%         N/A       30%         3
 Teleport Other           Tloc           6%         N/A       30%         3
 Tukima's Dance           Hex            6%         N/A       30%         3
 Dispel Undead            Necr           6%         3d8       69%         4
 Olgreb's Toxic Radiance  Pois           6%         N/A       69%         4
 Passage of Golubria      Tloc           6%         N/A       69%         4
 Yara's Violent Unravell  Hex/Tmut       3%         3d4       95%         5
 Dispersal                Tloc           3%         N/A       100%        6
 Summon Hydra             Summ           3%         N/A       100%        7
 Ignition                 Fire           18%        3d7       100%        8
 Sublimation of Blood     Necr           Unusable   N/A       N/A         2

Dungeon Overview and Level Annotations

Branches:
Dungeon (8/15)             Temple (1/1) D:4            Lair (1/6) D:8

Altars:
Ashenzari
Cheibriados
Dithmenos
Elyvilon
Fedhas
Gozag
Hepliaklqana
Kikubaaqudgha
Makhleb
Nemelex Xobeh
Okawaru
Qazlal
Ru
Sif Muna
Trog
Uskayaw
Vehumet
Wu Jian
Xom
Yredelemnul
Zin
The Shining One

Shops:
D:5 :

Portals:
Ice
Cave: Lair:1

Annotations:
D:4 1 runed translucent door


Innate Abilities, Weirdness & Mutations

You are immune to sickness and miasma.
Your stone body is resilient. (AC +7)
You are immune to poison.
You resist negative energy. (rN+)
You are resistant to electric shocks. (rElec)
You are resistant to unholy torment.
You are immune to petrification.


Message History

The rime drake is moderately wounded.
The rime drake's fire resistance burns away.
The foxfire hits the rime drake.
The rime drake is moderately wounded.
The foxfire hits the rime drake!
The rime drake is burned terribly!
The rime drake is heavily wounded.
A death yak simulacrum comes into view.
The rime drake misses you.
Casting: Scorch (safe; 1% risk of failure)
Confirm with . or Enter, or press ? or * to list all spells.
Flames lash the rime drake.
The rime drake is burned terribly!
The rime drake is severely wounded.
The rime drake breathes ice at you. The flash freeze hits you!!
You are encased in ice.
Casting: Scorch (safe; 1% risk of failure)
Confirm with . or Enter, or press ? or * to list all spells.
Flames lash the death yak simulacrum.
The death yak simulacrum melts!
The death yak simulacrum is moderately damaged.
The death yak simulacrum's fire resistance burns away.
You hear an angry hiss.
The rime drake bites you but does no damage.
Casting: Scorch (safe; 1% risk of failure)
Confirm with . or Enter, or press ? or * to list all spells.
Casting: Flame Wave (dangerous; 3% risk of failure)
Press: ? - help, Dir - look around, f - activate A wave of flame ripples out!
The flame wave engulfs the death yak simulacrum!!
The death yak simulacrum melts!
The death yak simulacrum is almost destroyed.
The flame wave engulfs the plant!
The plant begins to die.
The plant is lightly damaged.
The flame wave engulfs the rime drake!!
The rime drake is burned terribly!
You kill the rime drake!
Vehumet accepts your kill.
You feel your power returning. (Press . to intensify the flame waves.)
You hear an angry hiss.
The death yak simulacrum gores you! The death yak simulacrum freezes you!!
You die...

,,,,,,,,,,,,,,,,,,,,*
,,,,,,,*,*##*#......#
,,,,,,,*,,,..#...∩..#
,,,,,,,+,,,,.#..Z...#
,,,,,,,,,,,,,.......**
,,,,,,,*,,,,,#.....*,*
,,,,,,,*,#.###....****
,,,,,,,,,......Z.##
*****,,,,,****#P@.#
**,,,,* ##.## #....#
##.# #....# #P.#
##....## #..##
#......* #...#
*#....######.##
#...........#
#...........#


You could see 2 death yak simulacra.

Vanquished Creatures
  Pikel (D:4)
  Joseph (D:8)
  The ghost of Gargoyl the Skirmisher, a novice GnAK of Lugonu (D:6)
  A rime drake (Lair:1)
  2 komodo dragons
  A kobold demonologist (D:7)
  A yak (D:8)
  3 water moccasins
  2 sky beasts (D:3)
  2 orc warriors
  2 black bears
  6 necrophages
  An ice beast (D:6)
  2 ogres
  The ghost of Lekart the Gusty, an amateur DrAE (D:5)
  2 centaurs
  3 lemures (D:4)
  2 phantoms
  A kobold brigand (D:8)
  A bullfrog (D:7)
  3 scorpions
  2 wyvern zombies (D:8)
  A wyvern skeleton (D:5)
  A water moccasin zombie (D:5)
  A killer bee (D:7)
  4 wights (D:8)
  6 howler monkeys
  A bullfrog zombie (D:5)
  4 hounds
  4 centaur zombies (D:8)
  3 jellies
  An iron imp (D:8)
  2 centaur skeletons (D:3)
  9 iguanas
  2 scorpion zombies (D:5)
  Natasha (thrice) (D:2)
  4 orc wizards
  A killer bee zombie (D:8)
  3 howler monkey zombies (D:8)
  Robin (D:3)
  6 adders
  3 gnolls (D:4)
  A shadow imp (D:7)
  A white imp (D:6)
  2 ufetubi (D:5)
  An adder skeleton (D:4)
  4 worms
  3 dart slugs
  17 orcs
  3 bats
  10 endoplasms
  9 giant cockroaches
  11 hobgoblins
  7 jackals
  8 kobolds
  4 quokkas
  6 ball pythons
  7 frilled lizards
  10 goblins
  8 rats
213 creatures vanquished.

Vanquished Creatures (collateral kills)
  3 foxfires (D:8)
3 creatures vanquished.

Vanquished Creatures (others)
  773 foxfires
  15 fungi (D:8)
  15 plants (D:8)
  11 withered plants (D:8)
814 creatures vanquished.

Grand Total: 1030 creatures vanquished

Notes
Turn   | Place    | Note
-------+----------+-------------------------------------------
     0 | D:1      | Essalna the Gargoyle Fire Elementalist began the quest for
                  | the Orb.
     0 | D:1      | Reached XP level 1. HP: 10/10 MP: 3/3
   168 | D:1      | Reached XP level 2. HP: 13/15 MP: 0/5
   699 | D:1      | Reached XP level 3. HP: 16/19 MP: 3/6
  1320 | D:2      | Noticed Natasha
  1326 | D:2      | Killed Natasha
  1327 | D:2      | Reached XP level 4. HP: 14/24 MP: 2/8
  1639 | D:2      | Noticed Natasha
  1642 | D:2      | Killed Natasha
  1785 | D:2      | Noticed Natasha
  1788 | D:2      | Killed Natasha
  1789 | D:2      | Reached XP level 5. HP: 28/28 MP: 5/9
  1887 | D:2      | Found a faded altar of an unknown god.
  2212 | D:3      | Noticed a sky beast
  2228 | D:2      | Learned a level 2 spell: Scorch
  2795 | D:3      | Killed a sky beast
  2796 | D:3      | Reached XP level 6. HP: 32/32 MP: 2/11
  2988 | D:3      | Noticed a sky beast
  3004 | D:3      | Killed a sky beast
  3457 | D:3      | Reached skill level 5 in Fire Magic
  3586 | D:3      | Noticed Robin
  3590 | D:3      | Killed Robin
  3811 | D:4      | Noticed Pikel
  3829 | D:4      | You fall into a shaft and drop 3 floors!
  3860 | D:7      | Reached XP level 7. HP: 36/36 MP: 8/13
  4378 | D:6      | Reached skill level 5 in Conjurations
  4598 | D:5      | Entered Level 5 of the Dungeon
  4667 | D:5      | Found Puelafa's Book Shop.
  4851 | D:4      | Reached skill level 5 in Spellcasting
  4851 | D:4      | Reached XP level 8. HP: 36/41 MP: 8/15
  4979 | D:4      | Learned a level 4 spell: Flame Wave
  5167 | D:4      | Found a runed translucent door.
  5168 | D:4      | Noticed Lekart's ghost (amateur DrAE)
  5186 | D:4      | Learned a level 3 spell: Conjure Flame
  5305 | D:5      | Killed Lekart's ghost
  5457 | D:4      | Reached skill level 1 in Armour
  5468 | D:4      | Reached skill level 1 in Fighting
  5931 | D:4      | Found the ring of the Tortoise {AC+8}
  5968 | D:4      | Killed Pikel
  6111 | D:4      | Found a staircase to the Ecumenical Temple.
  6121 | Temple   | Entered the Ecumenical Temple
  6226 | Temple   | Became a worshipper of Vehumet
  6339 | D:4      | Found a runed translucent door.
  6677 | D:5      | Reached XP level 9. HP: 49/49 MP: 6/17
  7396 | D:6      | Noticed Gargoyl's ghost (novice GnAK)
  7399 | D:6      | Found a transporter.
  7402 | D:6      | Found a transporter.
  8559 | D:7      | Noticed a kobold demonologist
  8566 | D:7      | Killed a kobold demonologist
  8566 | D:7      | Reached * piety under Vehumet
  8566 | D:7      | Offered knowledge of Freeze by Vehumet.
  8777 | D:7      | Identified the +5 shortbow "Symezuo" {speed, Drain rPois
                  | rN+++ MP+9}
  9062 | D:6      | Killed Gargoyl's ghost
  9063 | D:6      | Reached XP level 10. HP: 47/58 MP: 11/19
  9529 | D:8      | Reached skill level 5 in Fighting
  9529 | D:8      | Reached skill level 5 in Armour
  9751 | D:8      | Found a staircase to the Lair.
  9884 | D:8      | Learned a level 7 spell: Ozocubu's Refrigeration
 10063 | D:8      | Noticed Joseph
 10071 | D:8      | Killed Joseph
 10072 | D:8      | Reached skill level 1 in Ice Magic
 10224 | D:8      | Found a snail-covered altar of Cheibriados.
 10291 | D:8      | Found an iron altar of Okawaru.
 10732 | D:8      | Reached ** piety under Vehumet
 10732 | D:8      | Offered knowledge of Poisonous Vapours by Vehumet.
 11269 | Lair:1   | Entered Level 1 of the Lair of Beasts
 11322 | Lair:1   | Found a frozen archway.
 11329 | Lair:1   | Mangled by a death yak simulacrum

Illustrated notes

Levels and vault maps discovered:
D:1:      evilmike_arrival_plus, layout_rooms
D:2:      wander_river, layout_rooms, ebering_ecumenical_altar_webs,
          uniq_natasha
D:3:      layout_loops_corners, gup_sewer_entry_spiral,
          kennysheep_big_empty_room, uniq_robin
D:4:      minmay_angry_zag, layout_loops_ring, minmay_temple_entry_poolview,
          ebering_ghost_sewer_f, grunt_ministairs_9, uniq_pikel
D:5:      minmay_general_purpose_star, layout_loops_ring, serial_shops,
          nicolae_lakefront_shop
D:6:      layout_loops_corners, gammafunk_ghost_arena
D:7:      layout_basic, kennysheep_generic_room_13
D:8:      layout_loops_corners, slow_altar_1, okawaru_trees_1,
          grunt_lair_entry_orc_guard_hut, serial_undead, serial_undead_d,
          serial_undead_b, serial_undead_f, serial_undead_a, serial_undead_b,
          serial_undead_e, serial_undead_e, serial_undead_e, serial_undead_e,
          serial_undead_d, minmay_splitting_lines, minmay_lizard_king,
          uniq_joseph
Temple:   regret_index_temple_chain_breaker
Lair:1:   layout_chaotic_city, portal_ice_cave_entry_ice_simulacra

Skill      XL: |  1  2  3  4  5  6  7  8  9 10 |
---------------+-------------------------------+-----
Conjurations   | 2 3 4 5 6 7 8 |  8.3
Spellcasting   | 3 4 5 6 7 |  7.2
Fire Magic     | 4 5 6 7 8 |  8.1
Armour         | 2 4 5 |  5.0
Fighting       | 2 4 5 |  5.8
Dodging        | 2 3 4 |  4.8
Ice Magic      | 2 |  2.0
Stealth        | |  2.1

Action                   |  1- 3 |  4- 6 |  7- 9 | 10-12 || total
-------------------------+-------+-------+-------+-------++-------
Melee: Unarmed           |    12 |       |       |       ||    12
       Short sword       |    21 |    11 |       |       ||    32
       Dagger            |       |    63 |    47 |       ||   110
       Whip              |       |       |       |     4 ||     4
 Cast: Foxfire           |    56 |    97 |   146 |   168 ||   467
       Scorch            |       |     7 |    64 |    51 ||   122
       Conjure Flame     |       |       |     4 |       ||     4
       Flame Wave        |       |       |     3 |     4 ||     7
  Use: Scroll            |       |     5 |     3 |     1 ||     9
 Stab: Sleeping          |       |     1 |       |       ||     1
       Distracted        |       |       |     1 |       ||     1
Armor: Robe              |    16 |    27 |    18 |    33 ||    94
Dodge: Dodged            |    15 |    30 |    40 |    34 ||   119
Block: Other             |       |       |    21 |    24 ||    45
       Reflection        |       |       |     1 |     1 ||     2

Table legend: (Time is in decaauts)
 A = Elapsed time spent in this place.
 B = Non-inter-level travel time spent in this place.
 C = Inter-level travel time spent in this place.
 D = Time resting spent in this place.
 E = Time spent auto-exploring this place.
 F = Levels seen in this place.
 G = Mean time per level.
                   A        B        C        D        E       F      G
               +--------+--------+--------+--------+--------+-----+--------+
         Total |  11370 |  10824 |    546 |      0 |   8894 |  10 | 1137.0 |
       Dungeon |  11185 |  10686 |    499 |      0 |   8809 |   8 | 1398.1 |
        Temple |    125 |    106 |     19 |      0 |     85 |   1 |  125.0 |
          Lair |     59 |     31 |     28 |      0 |      0 |   1 |   59.0 |
               +--------+--------+--------+--------+--------+-----+--------+

Top non-repeatable levels by time:
     D:8: 2118 daAuts
     D:3: 1642 daAuts
     D:4: 1560 daAuts
     D:6: 1364 daAuts
     D:7: 1188 daAuts
     D:5: 1162 daAuts
     D:1: 1111 daAuts
     D:2: 1038 daAuts
  Temple: 125 daAuts
  Lair:1: 59 daAuts
